 Dungeon Crawl Stone Soup version 0.21.1-1-g345015f (webtiles) character file.

115 kae the Insei (level 4, 0/33 HPs)
             Began as a Demonspawn Transmuter on June 14, 2018.
             Slain by an iguana (1 damage)
             ... on level 3 of the Dungeon.
             The game lasted 00:02:42 (2209 turns).

kae the Insei (Demonspawn Transmuter)               Turns: 2209, Time: 00:02:43

Health: 0/33       AC:  4    Str: 10    XL:     4   Next: 68%
Magic:  0/7        EV: 13    Int: 15    God:
Gold:   122        SH:  0    Dex: 14    Spells: 7/8 levels left

rFire    . . .     SeeInvis .   f - +2 short sword (protect)
rCold    . . .     Gourm    .   (no shield)
rNeg     . . .     Faith    .   b - +1 robe
rPois    .         Spirit   +   (helmet restricted)
rElec    .         Reflect  .   l - +0 cloak (curse)
rCorr    .         Harm     .   (no gloves)
MR       +....                  (no boots)
Stlth    +.........             (no amulet)
HPRegen  0.11/turn              g - ring of protection from magic
MPRegen  0.20/turn              (no ring)

@: very slightly contaminated
A: antennae 1, magic shield, magic regeneration
a: no special abilities


You were on level 3 of the Dungeon.
You were hungry.

You visited 1 branch of the dungeon, and saw 3 of its levels.

You collected 122 gold pieces.

Inventory:

Hand Weapons
 f - a +2 short sword of protection (weapon)
Missiles
 a - 28 arrows
Armour
 b - a +1 robe (worn)
 l - a cursed +0 cloak (worn)
Jewellery
 g - a ring of protection from magic (left hand)
Scrolls
 e - a scroll of immolation {unknown}
 j - a scroll of fear
Potions
 h - a potion of cancellation
 k - 2 potions of flight
 n - a potion of curing {unknown}
 o - a potion of brilliance {unknown}
 q - a potion of agility {unknown}
Books
 c - a book of Changes

   Spells                             Type                      Level
   a - Beastly Appendage              Transmutation                1
   b - Sticks to Snakes               Transmutation                2
   c - Spider Form                    Transmutation/Poison         3
   d - Ice Form                       Ice/Transmutation            4
   e - Blade Hands                    Transmutation                5
Comestibles
 d - 2 rations


   Skills:
 + Level 2.1 Fighting
 + Level 2.3 Dodging
 * Level 3.6 Unarmed Combat
 + Level 2.5 Spellcasting
 + Level 2.3 Transmutations


You had 7 spell levels left.
You knew the following spells:

 Your Spells              Type           Power        Failure   Level  Hunger
a - Beastly Appendage     Tmut           #.....       9%          1    #......


Dungeon Overview and Level Annotations

Branches:
Dungeon (3/15)

Altars:
Cheibriados

Annotations:
D:3 inc's ghost, weakling DsMo


Innate Abilities, Weirdness & Mutations

You have a pair of small antennae on your head.
When hurt, damage is shared between your health and your magic reserves.
You regenerate magic rapidly.


Message History

You are too injured to fight recklessly!
You are too injured to fight recklessly!
You are too injured to fight recklessly!
You are too injured to fight recklessly!
You barely miss the iguana.
The iguana is heavily wounded.
The iguana bites you!
* * * LOW HITPOINT WARNING * * *
You hit the iguana but do no damage.
The iguana is heavily wounded.
The iguana bites you.
* * * LOW HITPOINT WARNING * * *
Okay, then.
The iguana barely misses you.
Inc's ghost (weakling Demonspawn Monk) comes into view.
The iguana bites you.
* * * LOW HITPOINT WARNING * * *
Inc's ghost moves out of view.
The iguana bites you.
You die...

#...#
#####...#####
#...........#####
................#
#...........###.#
#####...#####
###...###
#.......#
#.#..@#.##
#.##..l..#
####..# ...#
###.# .. .#. .#.#
.# #


You could see an iguana.

Vanquished Creatures
  Robin (D:2)
  3 adders
  A worm (D:2)
  A dart slug (D:2)
  2 leopard geckos
  2 ball pythons (D:2)
  9 bats
  4 giant cockroaches
  12 goblins
  6 hobgoblins
  4 jackals (D:2)
  5 kobolds
  2 quokkas (D:2)
  11 frilled lizards
  6 rats
69 creatures vanquished.

Notes
Turn   | Place    | Note
-------+----------+-------------------------------------------
     0 | D:1      | kae the Demonspawn Transmuter began the quest for the Orb.
     0 | D:1      | Reached XP level 1. HP: 15/15 MP: 3/3
   368 | D:1      | Gained mutation: When hurt, damage is shared between your health and your magic reserves. [demonic ancestry]
   368 | D:1      | Reached XP level 2. HP: 21/21 MP: 3/5
   528 | D:1      | Reached skill level 3 in Unarmed Combat
  1025 | D:2      | Gained mutation: You regenerate magic rapidly. [demonic ancestry]
  1025 | D:2      | Reached XP level 3. HP: 22/27 MP: 6/6
  1469 | D:2      | Gained mutation: You have a pair of small antennae on your head. [demonic ancestry]
  1469 | D:2      | Reached XP level 4. HP: 30/33 MP: 7/7
  1549 | D:2      | Noticed Robin
  1572 | D:2      | Killed Robin
  1798 | D:2      | Found a snail-covered altar of Cheibriados.
  1852 | D:2      | Found a faded altar of an unknown god.
  2202 | D:3      | HP: 1/33 [iguana (5)]
  2207 | D:3      | Noticed inc's ghost (weakling DsMo)
  2207 | D:3      | HP: 1/33 [iguana (1)]
  2209 | D:3      | Slain by an iguana

Skill      XL: |  1  2  3 |
---------------+----------+-----
Unarmed Combat | 3 |  3.6
Transmutations | 2 |  2.3
Dodging        | 2 |  2.3
Fighting       | 2 |  2.1
Spellcasting   | |  2.5

Action                   |  1- 3 |  4- 6 || total
-------------------------+-------+-------++-------
Melee: Short sword       |   127 |    72 ||   199
       Unarmed           |     4 |       ||     4
       Kick              |     7 |       ||     7
       Punch             |     1 |     1 ||     2
       Headbutt          |     1 |       ||     1
 Cast: Beastly Appendage |    17 |     4 ||    21
  Use: Scroll            |     6 |     1 ||     7
       Potion            |     1 |     1 ||     2
  Eat: Chunk             |     2 |     2 ||     4
Armor: Robe              |    71 |    20 ||    91
Dodge: Dodged            |   115 |    40 ||   155
